%YAML 1.1
%TAG !u! tag:unity3d.com,2011:
--- !u!1 &1980296121248665116
GameObject:
  m_ObjectHideFlags: 0
  m_CorrespondingSourceObject: {fileID: 0}
  m_PrefabInstance: {fileID: 0}
  m_PrefabAsset: {fileID: 0}
  serializedVersion: 6
  m_Component:
  - component: {fileID: 1980296121248633404}
  - component: {fileID: 1980296121249927708}
  - component: {fileID: 1980296121250926812}
  m_Layer: 0
  m_Name: Tyre
  m_TagString: Untagged
  m_Icon: {fileID: 0}
  m_NavMeshLayer: 0
  m_StaticEditorFlags: 0
  m_IsActive: 1
--- !u!4 &1980296121248633404
Transform:
  m_ObjectHideFlags: 0
  m_CorrespondingSourceObject: {fileID: 0}
  m_PrefabInstance: {fileID: 0}
  m_PrefabAsset: {fileID: 0}
  m_GameObject: {fileID: 1980296121248665116}
  m_LocalRotation: {x: 0, y: 0, z: 0, w: 1}
  m_LocalPosition: {x: 0.00025, y: 0, z: 0}
  m_LocalScale: {x: 1.4, y: 1, z: 1}
  m_Children: []
  m_Father: {fileID: 2008978838500305620}
  m_RootOrder: 0
  m_LocalEulerAnglesHint: {x: 0, y: 0, z: 0}
--- !u!33 &1980296121249927708
MeshFilter:
  m_ObjectHideFlags: 0
  m_CorrespondingSourceObject: {fileID: 0}
  m_PrefabInstance: {fileID: 0}
  m_PrefabAsset: {fileID: 0}
  m_GameObject: {fileID: 1980296121248665116}
  m_Mesh: {fileID: 4300024, guid: b6dc4f615347d0e43ad06226bd48ab5a, type: 3}
--- !u!23 &1980296121250926812
MeshRenderer:
  m_ObjectHideFlags: 0
  m_CorrespondingSourceObject: {fileID: 0}
  m_PrefabInstance: {fileID: 0}
  m_PrefabAsset: {fileID: 0}
  m_GameObject: {fileID: 1980296121248665116}
  m_Enabled: 1
  m_CastShadows: 1
  m_ReceiveShadows: 1
  m_DynamicOccludee: 1
  m_MotionVectors: 1
  m_LightProbeUsage: 1
  m_ReflectionProbeUsage: 1
  m_RenderingLayerMask: 1
  m_RendererPriority: 0
  m_Materials:
  - {fileID: 2100000, guid: b3348adcc9bc9f4419fa373b069383de, type: 2}
  m_StaticBatchInfo:
    firstSubMesh: 0
    subMeshCount: 0
  m_StaticBatchRoot: {fileID: 0}
  m_ProbeAnchor: {fileID: 0}
  m_LightProbeVolumeOverride: {fileID: 0}
  m_ScaleInLightmap: 1
  m_PreserveUVs: 0
  m_IgnoreNormalsForChartDetection: 0
  m_ImportantGI: 0
  m_StitchLightmapSeams: 0
  m_SelectedEditorRenderState: 3
  m_MinimumChartSize: 4
  m_AutoUVMaxDistance: 0.5
  m_AutoUVMaxAngle: 89
  m_LightmapParameters: {fileID: 0}
  m_SortingLayerID: 0
  m_SortingLayer: 0
  m_SortingOrder: 0
--- !u!1 &3820547079251319889
GameObject:
  m_ObjectHideFlags: 0
  m_CorrespondingSourceObject: {fileID: 0}
  m_PrefabInstance: {fileID: 0}
  m_PrefabAsset: {fileID: 0}
  serializedVersion: 6
  m_Component:
  - component: {fileID: 2008978838500305620}
  m_Layer: 0
  m_Name: UpgradedWheel_3
  m_TagString: Untagged
  m_Icon: {fileID: 0}
  m_NavMeshLayer: 0
  m_StaticEditorFlags: 0
  m_IsActive: 1
--- !u!4 &2008978838500305620
Transform:
  m_ObjectHideFlags: 0
  m_CorrespondingSourceObject: {fileID: 0}
  m_PrefabInstance: {fileID: 0}
  m_PrefabAsset: {fileID: 0}
  m_GameObject: {fileID: 3820547079251319889}
  m_LocalRotation: {x: 0, y: 0, z: 0, w: 1}
  m_LocalPosition: {x: 0, y: 0, z: 0}
  m_LocalScale: {x: 1, y: 1, z: 1}
  m_Children:
  - {fileID: 1980296121248633404}
  - {fileID: 4199304727592246267}
  - {fileID: 5556301941618162849}
  m_Father: {fileID: 0}
  m_RootOrder: 0
  m_LocalEulerAnglesHint: {x: 0, y: 0, z: 0}
--- !u!1001 &4199304727592632699
PrefabInstance:
  m_ObjectHideFlags: 0
  serializedVersion: 2
  m_Modification:
    m_TransformParent: {fileID: 2008978838500305620}
    m_Modifications:
    - target: {fileID: 100000, guid: da4a202436a5ae24185dbfc0f6080cc8, type: 3}
      propertyPath: m_Name
      value: Rim_03
      objectReference: {fileID: 0}
    - target: {fileID: 400000, guid: da4a202436a5ae24185dbfc0f6080cc8, type: 3}
      propertyPath: m_LocalPosition.x
      value: 0.00025
      objectReference: {fileID: 0}
    - target: {fileID: 400000, guid: da4a202436a5ae24185dbfc0f6080cc8, type: 3}
      propertyPath: m_LocalPosition.y
      value: 0
      objectReference: {fileID: 0}
    - target: {fileID: 400000, guid: da4a202436a5ae24185dbfc0f6080cc8, type: 3}
      propertyPath: m_LocalPosition.z
      value: 0
      objectReference: {fileID: 0}
    - target: {fileID: 400000, guid: da4a202436a5ae24185dbfc0f6080cc8, type: 3}
      propertyPath: m_LocalRotation.x
      value: 0
      objectReference: {fileID: 0}
    - target: {fileID: 400000, guid: da4a202436a5ae24185dbfc0f6080cc8, type: 3}
      propertyPath: m_LocalRotation.y
      value: 0
      objectReference: {fileID: 0}
    - target: {fileID: 400000, guid: da4a202436a5ae24185dbfc0f6080cc8, type: 3}
      propertyPath: m_LocalRotation.z
      value: 0
      objectReference: {fileID: 0}
    - target: {fileID: 400000, guid: da4a202436a5ae24185dbfc0f6080cc8, type: 3}
      propertyPath: m_LocalRotation.w
      value: 1
      objectReference: {fileID: 0}
    - target: {fileID: 400000, guid: da4a202436a5ae24185dbfc0f6080cc8, type: 3}
      propertyPath: m_RootOrder
      value: 1
      objectReference: {fileID: 0}
    - target: {fileID: 400000, guid: da4a202436a5ae24185dbfc0f6080cc8, type: 3}
      propertyPath: m_LocalEulerAnglesHint.x
      value: 0
      objectReference: {fileID: 0}
    - target: {fileID: 400000, guid: da4a202436a5ae24185dbfc0f6080cc8, type: 3}
      propertyPath: m_LocalEulerAnglesHint.y
      value: 0
      objectReference: {fileID: 0}
    - target: {fileID: 400000, guid: da4a202436a5ae24185dbfc0f6080cc8, type: 3}
      propertyPath: m_LocalEulerAnglesHint.z
      value: 0
      objectReference: {fileID: 0}
    m_RemovedComponents: []
  m_SourcePrefab: {fileID: 100100000, guid: da4a202436a5ae24185dbfc0f6080cc8, type: 3}
--- !u!4 &4199304727592246267 stripped
Transform:
  m_CorrespondingSourceObject: {fileID: 400000, guid: da4a202436a5ae24185dbfc0f6080cc8,
    type: 3}
  m_PrefabInstance: {fileID: 4199304727592632699}
  m_PrefabAsset: {fileID: 0}
--- !u!1001 &6853004854426974444
PrefabInstance:
  m_ObjectHideFlags: 0
  serializedVersion: 2
  m_Modification:
    m_TransformParent: {fileID: 2008978838500305620}
    m_Modifications:
    - target: {fileID: 1297371727492482124, guid: efbfb53d620f2ec458190afc479e3dd8,
        type: 3}
      propertyPath: m_Name
      value: EffectWell (1)
      objectReference: {fileID: 0}
    - target: {fileID: 1297371727492482125, guid: efbfb53d620f2ec458190afc479e3dd8,
        type: 3}
      propertyPath: m_LocalPosition.x
      value: 0.000696292
      objectReference: {fileID: 0}
    - target: {fileID: 1297371727492482125, guid: efbfb53d620f2ec458190afc479e3dd8,
        type: 3}
      propertyPath: m_LocalPosition.y
      value: 0
      objectReference: {fileID: 0}
    - target: {fileID: 1297371727492482125, guid: efbfb53d620f2ec458190afc479e3dd8,
        type: 3}
      propertyPath: m_LocalPosition.z
      value: 0.0027604196
      objectReference: {fileID: 0}
    - target: {fileID: 1297371727492482125, guid: efbfb53d620f2ec458190afc479e3dd8,
        type: 3}
      propertyPath: m_LocalRotation.x
      value: -0
      objectReference: {fileID: 0}
    - target: {fileID: 1297371727492482125, guid: efbfb53d620f2ec458190afc479e3dd8,
        type: 3}
      propertyPath: m_LocalRotation.y
      value: -0
      objectReference: {fileID: 0}
    - target: {fileID: 1297371727492482125, guid: efbfb53d620f2ec458190afc479e3dd8,
        type: 3}
      propertyPath: m_LocalRotation.z
      value: -0
      objectReference: {fileID: 0}
    - target: {fileID: 1297371727492482125, guid: efbfb53d620f2ec458190afc479e3dd8,
        type: 3}
      propertyPath: m_LocalRotation.w
      value: 1
      objectReference: {fileID: 0}
    - target: {fileID: 1297371727492482125, guid: efbfb53d620f2ec458190afc479e3dd8,
        type: 3}
      propertyPath: m_RootOrder
      value: 2
      objectReference: {fileID: 0}
    - target: {fileID: 1297371727492482125, guid: efbfb53d620f2ec458190afc479e3dd8,
        type: 3}
      propertyPath: m_LocalEulerAnglesHint.x
      value: 0
      objectReference: {fileID: 0}
    - target: {fileID: 1297371727492482125, guid: efbfb53d620f2ec458190afc479e3dd8,
        type: 3}
      propertyPath: m_LocalEulerAnglesHint.y
      value: 0
      objectReference: {fileID: 0}
    - target: {fileID: 1297371727492482125, guid: efbfb53d620f2ec458190afc479e3dd8,
        type: 3}
      propertyPath: m_LocalEulerAnglesHint.z
      value: 0
      objectReference: {fileID: 0}
    - target: {fileID: 1297371727492482125, guid: efbfb53d620f2ec458190afc479e3dd8,
        type: 3}
      propertyPath: m_LocalScale.x
      value: 1
      objectReference: {fileID: 0}
    - target: {fileID: 1297371727492482125, guid: efbfb53d620f2ec458190afc479e3dd8,
        type: 3}
      propertyPath: m_LocalScale.y
      value: 1
      objectReference: {fileID: 0}
    - target: {fileID: 1297371727492482125, guid: efbfb53d620f2ec458190afc479e3dd8,
        type: 3}
      propertyPath: m_LocalScale.z
      value: 1
      objectReference: {fileID: 0}
    m_RemovedComponents: []
  m_SourcePrefab: {fileID: 100100000, guid: efbfb53d620f2ec458190afc479e3dd8, type: 3}
--- !u!4 &5556301941618162849 stripped
Transform:
  m_CorrespondingSourceObject: {fileID: 1297371727492482125, guid: efbfb53d620f2ec458190afc479e3dd8,
    type: 3}
  m_PrefabInstance: {fileID: 6853004854426974444}
  m_PrefabAsset: {fileID: 0}
